 Dungeon Crawl Stone Soup version 0.25-a0-353-ged6d54792d (webtiles) character file.

Game seed: 523853871156946135, levelgen mode: deterministic

36 BritishOli the Ducker (level 3, 28/28 HPs)
             Began as a Demonspawn Gladiator on Jan 2, 2020.
             Got out of the dungeon alive.
             The game lasted 00:01:07 (898 turns).

BritishOli the Ducker (Demonspawn Gladiator)         Turns: 898, Time: 00:01:08

Health: 28/28      AC:  4    Str: 15    XL:     3   Next: 19%
Magic:  3/3        EV: 13    Int:  9    God:
Gold:   53         SH:  0    Dex: 14    Spells: 2/2 levels left

rFire    . . .     SeeInvis .   a - +0 long sword
rCold    . . .     Gourm    .   (no shield)
rNeg     . . .     Faith    .   b - +0 leather armour
rPois    .         Spirit   +   c - +0 helmet
rElec    .         Reflect  .   (no cloak)
rCorr    .         Harm     .   (no gloves)
MR       .....                  (no boots)
Stlth    +.........             (no amulet)
HPRegen  0.09/turn              l - +1 ring of slaying
MPRegen  0.08/turn              (no ring)

@: no status effects
A: demonic guardian 1, magic shield
a: no special abilities


You escaped.
You were not hungry.

You visited 1 branch of the dungeon, and saw 2 of its levels.

You collected 53 gold pieces.

Inventory:

Hand Weapons
 a - a +0 long sword (weapon)
Missiles
 d - 3 throwing nets (quivered)
Armour
 b - a +0 leather armour (worn)
 c - a +0 helmet (worn)
Jewellery
 l - a +1 ring of slaying (left hand)
Scrolls
 i - 2 scrolls of remove curse {unknown}
 j - a scroll of fear {unknown}
 k - a scroll of teleportation {unknown}
 n - 3 scrolls of identify {unknown}
 o - a scroll of noise {unknown}
Potions
 e - a potion of lignification {unknown}
 g - a potion of agility {unknown}
 h - a potion of brilliance {unknown}
 m - a potion of flight {unknown}
Comestibles
 f - 4 rations


   Skills:
 + Level 2.5 Fighting
 + Level 3.0 Long Blades
 + Level 2.2 Throwing
 + Level 3.0 Dodging


You had 2 spell levels left.
You didn't know any spells.
Your spell library was empty.

Dungeon Overview and Level Annotations

Branches:
Dungeon (2/15)

Altars:


Innate Abilities, Weirdness & Mutations

A weak demonic guardian rushes to your aid.
When hurt, damage is shared between your health and your magic reserves.


Message History

Your white imp dies!
You hit the worm.
The worm is heavily wounded.
The worm barely misses you.
You barely miss the worm.
The worm is heavily wounded.
The worm closely misses you.
You riposte.
You hit the worm but do no damage.
The worm is heavily wounded.
You hit the worm.
The worm is severely wounded.
You slash the worm!
You kill the worm!
You start resting.
HP restored.
There is an escape hatch in the ceiling here.
A mysterious force pulls you upwards. The hatch slams shut behind you.
There is an open door here.
There is a staircase leading out of the dungeon here.
Are you sure you want to leave the Dungeon?
This will make you lose the game!
You have escaped!

## #######...........#
##.####.##### #.####.#
#......# #.###### ###.#
#.### ###♣.≈P#
##########.'.@≈P#
#..........#♣.≈P#
#.#####.#####.###
#.##........###.##
#.##.##.....##...########
#†##.##.................#
#.##.##....>##...######.#
#...........###.## #.#
######.######## #.# #.#


There were no monsters in sight!

Vanquished Creatures
  A worm (D:2)
  2 dart slugs (D:1)
  A bat (D:1)
  A goblin (D:1)
  3 hobgoblins
  A ball python (D:1)
  A kobold (D:1)
10 creatures vanquished.

Vanquished Creatures (collateral kills)
  Terence (D:2)
  A hobgoblin (D:2)
2 creatures vanquished.

Grand Total: 12 creatures vanquished

Notes
Turn   | Place    | Note
-------+----------+-------------------------------------------
     0 | D:1      | BritishOli the Demonspawn Gladiator began the quest for the
                  | Orb.
     0 | D:1      | Reached XP level 1. HP: 16/16 MP: 1/1
   443 | D:1      | Gained mutation: A weak demonic guardian rushes to your
                  | aid. [demonic ancestry]
   443 | D:1      | Reached XP level 2. HP: 22/22 MP: 2/2
   779 | D:2      | Noticed Terence
   785 | D:2      | Killed Terence
   785 | D:2      | Gained mutation: When hurt, damage is shared between your
                  | health and your magic reserves. [demonic ancestry]
   785 | D:2      | Reached XP level 3. HP: 22/28 MP: 3/3
   898 | D:$      | Got out of the dungeon alive.

Levels and vault maps discovered:
D:1:      tarquinn_simple_flora_water_e, layout_loops_corners
D:2:      layout_loops_cross, lemuel_doored_altar, xom_teletrap_fun,
          uniq_terence, uniq_jessica, uniq_crazy_yiuf_cottage

Skill      XL: |  1  2 |
---------------+-------+-----
Throwing       | 2 |  2.2
Long Blades    | 3 |  3.0
Dodging        | 3 |  3.0
Fighting       | |  2.5

Action                   || total
-------------------------++-------
Melee: Long sword        ||    27
 Stab: Sleeping          ||     1
Armor: Leather armour    ||     4
Dodge: Dodged            ||    12
       Rpst.: Long sword ||     3

Table legend:
 A = Non-vault XP
 B = Vault XP
 C = Vault XP percentage of total XP
 D = Non-vault monster count
 E = Vault monster count
 F = Vault count percentage of total count
                 A         B        C        D         E       F
            +---------+---------+-------+---------+---------+-------
      Total |      26 |      26 |  50.0 |      11 |       1 |   8.3
            +---------+---------+-------+---------+---------+-------
        D:1 |      18 |       0 |   0.0 |       8 |       0 |   0.0
        D:2 |       8 |      26 |  76.5 |       3 |       1 |  25.0
            +---------+---------+-------+---------+---------+-------
